 Dungeon Crawl Stone Soup version 0.32-a0-868-g153ae1a8d6 (webtiles) character file.

Game seed: 7146208603380136249

6129 Ruich the Mimic (level 10, 0/98 HPs)
             Began as a Troll Chaos Knight on Mar 28, 2024.
             Was a Plaything of Xom.
             Slain by a wraith (11 damage)
             ... on level 9 of the Dungeon.
             The game lasted 00:20:01 (7893 turns).

Ruich the Mimic (Troll Chaos Knight)                Turns: 7893, Time: 00:20:03

Health: 0/98       AC:  5    Str: 22    XL:     10   Next: 59%
Magic:  18/18      EV:  9    Int:  8    God:    Xom [..*...]
Gold:   766        SH:  0    Dex: 13    Spells: 9/9 levels left

rFire   . .          .
                       - Unarmed
rCold   . . .        (no shield)
rNeg    . . .        a - melded +2 robe
rPois   .            (helmet restricted)
rElec   .            E - +2 cloak
rCorr   .            (gloves unavailable)
SInv    .            (boots unavailable)
Will    .....        D - amulet of regeneration
Stlth   +            p - ring of magical power
HPRegen 1.96/turn    (no ring)
MPRegen 0.16/turn

%: no passive effects
@: maw-form, slowed, very slow
A: devouring maw, large, unfitting armour, claws 3, regeneration 1, shaggy fur
1, tough skin 1
a: Begin Untransformation, Renounce Religion


You were on level 9 of the Dungeon.
You worshipped Xom.
You were a toy of Xom.
You were a creature with a mouth for a stomach.
You visited 1 branch of the dungeon, and saw 9 of its levels.
You also visited: Ossuary.

You collected 766 gold pieces.


Innate Abilities, Weirdness & Mutations

You are a creature with a mouth for a stomach.
Your midsection houses a second, enormous mouth.
You are too large for most types of armour.
You have claws for hands.
Your natural rate of healing is unusually fast.
You are covered in fur. (AC +1)
You have tough skin. (AC +1)


   Skills:
 + Level 6.1 Fighting
 - Level 1.9 Dodging
 * Level 9.9 Unarmed Combat
 - Level 10.3 Shapeshifting


You had 9 spell levels left.
You didn't know any spells.
Your spell library contained the following spells:

 Spells                   Type           Power      Damage    Failure   Level
 Frozen Ramparts          Ice            0%         1d1       78%         3
 Ozocubu's Armour         Ice            0%         N/A       78%         3
 Summon Blazeheart Golem  Fire/Summ      0%         N/A       99%         4
 Vhi's Electric Charge    Tloc/Air       0%         N/A       99%         4
 Arcjolt                  Conj/Air       0%         1d10      100%        5
 Metabolic Englaciation   Hex/Ice        0%         N/A       100%        5
 Plasma Beam              Fire/Air       0%         2x1d10    100%        6
 Orb of Destruction       Conj           0%         9d5       100%        7
 Spellforged Servitor     Conj/Summ      0%         N/A       100%        7

Inventory:

Missiles
 h - 11 boomerangs
 n - 13 poisoned darts (quivered)
 v - 4 large rocks {=f}
Armour
 a - a +2 robe (melded)
 E - a +2 cloak (worn)
Jewellery
 p - a ring of magical power (left claw)
 D - an amulet of regeneration (around neck)
Talismans
 i - a flux talisman
 w - a beast talisman
 x - a maw talisman (active)
Wands
 d - a wand of roots (8)
 e - a wand of mindburst (13)
 g - a wand of flame (25)
 C - a wand of polymorph (8)
Scrolls
 b - a scroll of butterflies
 j - 3 scrolls of poison
 m - 5 scrolls of teleportation {@r2}
 r - 8 scrolls of identify {@r1}
 t - 2 scrolls of revelation
 y - a scroll of immolation {unknown}
 A - 3 scrolls of fog
 B - 2 scrolls of vulnerability {unknown}
 F - a scroll of blinking {unknown}
 G - 6 scrolls of noise
 I - a scroll of enchant armour {unknown}
 K - a scroll of torment
 M - a scroll of enchant weapon {unknown}
Potions
 c - 3 potions of lignification {unknown}
 f - 2 potions of mutation {unknown}
 k - a potion of enlightenment
 l - 4 potions of haste {unknown}
 o - 2 potions of might
 q - 3 potions of curing {unknown}
 s - 3 potions of magic
 u - 2 potions of attraction
 z - 3 potions of ambrosia {unknown}
 H - a potion of cancellation {unknown}
 J - a potion of brilliance {unknown}
 L - a potion of berserk rage {unknown}

Dungeon Overview and Level Annotations

Branches:
Dungeon (9/15) Zot: 26548  Temple (0/1) D:5         Ossuary (visited)
   Lair: D:8-11         Orc: D:9-12

Altars:
Xom

#............##
#######..#....#######
##.#..#........
#.##...#######
#.....## ####.#.##
#######.###.##
#......## ##.#
#W#####.###.## ###
#W# ##.#.## ... #.#
#..## #.# #.## #.#
#.# #. #.# #.# #.#
#.. #.# #.### ### #.#
#.... ... .....


You could see a wraith.


Message History

Unknown command.
You claw the two-headed ogre!
You devour the two-headed ogre!
You feel better.
You kill the two-headed ogre!
Your Fighting skill increases to level 6!
Unknown command.
You closely miss the wraith. The wraith closely misses you.
You scratch the wraith.
The wraith is lightly damaged.
The wraith barely misses you.
You barely miss the wraith. Your bite misses the wraith.
The wraith is lightly damaged.
* * * LOW HITPOINT WARNING * * *
The wraith drains your vigour!
You feel yourself slow down.
You barely miss the wraith. Your bite misses the wraith.
The wraith is lightly damaged.
Unknown command.
You closely miss the wraith. You bite the wraith!
The wraith is moderately damaged.
* * * LOW HITPOINT WARNING * * *
Unknown command.
You closely miss the wraith.
The wraith is moderately damaged.
The wraith closely misses you.
Unknown command.
You closely miss the wraith. You bite the wraith.
The wraith is moderately damaged.
* * * LOW HITPOINT WARNING * * *
You die...
Xom titters!

Skill      XL: |  1  2  3  4  5  6  7  8  9 10 |
---------------+-------------------------------+-----
Unarmed Combat | 4 5 8 9 |  9.9
Fighting       | 3 5 6 |  6.1
Shapeshifting  | 4 5 7 9 10 | 10.3
Dodging        | |  1.9

Action                     |  1- 3 |  4- 6 |  7- 9 | 10-12 || total
---------------------------+-------+-------+-------+-------++-------
  Melee: Unarmed           |   105 |   137 |   326 |    54 ||   622
         Punch             |     3 |     1 |    12 |     1 ||    17
         Maw               |       |       |    57 |    10 ||    67
    Use: Potion            |       |     5 |     3 |     1 ||     9
         Scroll            |       |    11 |       |       ||    11
   Stab: Sleeping          |       |       |     3 |       ||     3
 Armour: Robe              |    86 |    74 |       |       ||   160
         Skin              |       |    50 |   210 |    53 ||   313
  Dodge: Dodged            |    57 |    89 |   150 |    20 ||   316
   Form: Flux              |       |     1 |       |       ||     1
         Maw               |       |       |     1 |       ||     1

Levels and vault maps discovered:
D:1:      wander_arrival_fairy_ring, layout_loops_ring, hex_medium
D:2:      layout_loops_cross, shapermc_ecumenical_altar_venn,
          minmay_pentomino_x2
D:3:      layout_basic, uniq_grinder
D:4:      layout_basic
D:5:      layout_loops_corners, lemuel_temple_firewalk_b, uniq_menkaure
D:6:      layout_layer_cave, minmay_gold_behind_fungi
D:7:      layout_layer_cave, nicolae_ossuary_entry_ruins
D:8:      layout_loops_ring, serial_demonic, serial_demonic_d, serial_demonic_f,
          serial_demonic_c, serial_demonic_f, serial_demonic_e, serial_demonic_g
D:9:      layout_loops_ring, st_stairs_5, uniq_erolcha

Notes
Turn   | Place    | Note
-------+----------+-------------------------------------------
     0 | D:1      | Ruich the Troll Chaos Knight began the quest for the Orb.
     0 | D:1      | Reached XP level 1. HP: 22/22 MP: 0/0
   163 | D:1      | Reached XP level 2. HP: 29/29 MP: 1/1
   182 | D:1      | XOM: silly message
   368 | D:1      | Reached XP level 3. HP: 36/36 MP: 2/2
   577 | D:2      | Reached skill level 4 in Unarmed Combat
   603 | D:2      | XOM: silly message
   612 | D:2      | XOM: scenery: create altars
   624 | D:2      | Reached skill level 3 in Fighting
   681 | D:2      | Identified the +2 buckler "Zioxt" {Str+3}
   730 | D:2      | Reached XP level 4. HP: 45/45 MP: 3/3
   794 | D:2      | Reached skill level 1 in Shapeshifting
   929 | D:2      | Found a faded altar of an unknown god.
  1106 | D:2      | XOM is BORED!
  1106 | D:2      | XOM: summons 3 hostile demons
  1107 | D:2      | Noticed a ynoxinul
  1299 | D:3      | Noticed Grinder
  1307 | D:3      | Killed Grinder
  1308 | D:3      | Reached skill level 4 in Shapeshifting
  1308 | D:3      | Reached XP level 5. HP: 52/53 MP: 4/4
  1308 | D:3      | Reached XP level 6. HP: 59/61 MP: 5/5
  1405 | D:3      | XOM: scenery: create altars
  1858 | D:3      | XOM: divination: magic mapping
  2450 | D:4      | Reached skill level 5 in Shapeshifting
  2532 | D:4      | XOM: butterfly on damage
  2537 | D:4      | Reached XP level 7. HP: 31/67 MP: 6/6
  2601 | D:4      | XOM: god gift: wand of mindburst (6)
  2746 | D:4      | XOM: 7-stop teleportation journey
  2949 | D:4      | Reached skill level 6 in Shapeshifting
  3048 | D:5      | Entered Level 5 of the Dungeon
  3070 | D:5      | Noticed Menkaure
  3102 | D:5      | Killed Menkaure
  3170 | D:5      | XOM: fog
  3170 | D:5      | XOM: butterfly on damage
  3173 | D:5      | Reached skill level 7 in Shapeshifting
  3381 | D:5      | XOM: confuse monster(s)
  3426 | D:5      | Reached XP level 8. HP: 75/75 MP: 7/7
  3442 | D:5      | Reached skill level 5 in Unarmed Combat
  3698 | D:5      | Found a staircase to the Ecumenical Temple.
  4260 | D:6      | XOM: potion effect (haste)
  4268 | D:6      | Reached skill level 8 in Shapeshifting
  4342 | D:6      | XOM: divine lightning
  5211 | D:6      | XOM is BORED!
  5211 | D:6      | XOM: noise
  5284 | D:6      | XOM: divination: magic mapping
  5566 | D:7      | Reached skill level 9 in Shapeshifting
  5594 | D:7      | XOM: silly message
  5839 | D:7      | Found a sand-covered staircase.
  5845 | D:7      | XOM: enchant monster (good)
  5848 | Ossuary  | Entered an ossuary
  5934 | Ossuary  | Reached XP level 9. HP: 75/83 MP: 8/8
  6012 | Ossuary  | XOM: silly message
  6081 | D:7      | Reached skill level 10 in Shapeshifting
  6680 | D:8      | Identified the +0 pair of boots of Ziufoekk {rElec rF-
                  | Str+6 Dex+4}
  6690 | D:8      | Identified the +2 trident of the Dancing Gods {heavy,
                  | Int+4}
  6791 | D:8      | Reached skill level 6 in Unarmed Combat
  6836 | D:8      | XOM: 1-stop teleportation journey
  6923 | D:8      | Reached skill level 4 in Fighting
  6975 | D:8      | HP: 7/79 [wight/+4 mace (8)]
  7456 | D:9      | Reached skill level 7 in Unarmed Combat
  7458 | D:9      | XOM: confuse monster(s)
  7498 | D:9      | Noticed a two-headed ogre
  7503 | D:9      | XOM: confuse monster(s)
  7504 | D:9      | Killed a two-headed ogre
  7505 | D:9      | Reached skill level 5 in Fighting
  7505 | D:9      | Reached skill level 8 in Unarmed Combat
  7505 | D:9      | Reached XP level 10. HP: 96/96 MP: 9/9
  7615 | D:9      | Noticed Erolcha
  7625 | D:9      | Killed Erolcha
  7726 | D:9      | XOM: divination: detect items
  7730 | D:9      | Reached skill level 9 in Unarmed Combat
  7774 | D:9      | XOM: divination: detect items
  7792 | D:9      | XOM: potion effect (brilliance)
  7799 | D:9      | Paralysed by a hornet for 1 turns
  7879 | D:9      | Noticed a two-headed ogre
  7885 | D:9      | HP: 5/98 [two-headed ogre/+0 giant club (29)]
  7885 | D:9      | HP: 2/98 [two-headed ogre/+0 giant club (3)]
  7886 | D:9      | Killed a two-headed ogre
  7887 | D:9      | Reached skill level 6 in Fighting
  7893 | D:9      | Slain by a wraith

Vanquished Creatures
  Erolcha (D:9)
  2 two-headed ogres (D:9)
  Grinder (D:3)
  2 hornets (D:9)
  A wyvern (D:9)
  A steam dragon (D:8)
  A yak (D:9)
  Menkaure (D:5)
  An acid dragon (D:8)
  2 orc warriors (D:7)
  A sky beast (D:8)
  An ice beast (D:7)
  A black bear (D:6)
  An ogre (D:5)
  2 centaurs
  2 weeping skulls (Ossuary)
  An elf zombie (Ossuary)
  3 bullfrogs
  A kobold brigand (D:9)
  2 scorpions
  5 wights
  3 killer bees (D:9)
  4 bombardier beetles (D:5)
  A human zombie (Ossuary)
  5 hounds
  A jelly (D:6)
  3 quasits (D:8)
  2 orc priests
  4 sleepcaps
  A gnoll bouda (D:8)
  5 iguanas
  10 orc wizards
  2 mummies (Ossuary)
  7 adders
  4 gnolls (D:8)
  4 shadow imps
  2 white imps (D:8)
  2 ufetubi (D:8)
  3 ribbon worms
  A dart slug (D:1)
  33 orcs
  7 ball pythons
  7 endoplasms
  6 giant cockroaches
  2 gnoll zombies (Ossuary)
  2 goblins
  4 hobgoblins
  14 jackals
  14 kobolds
  5 quokkas
  4 bats
  4 frilled lizards
  A kobold zombie (Ossuary)
  3 orc zombies (Ossuary)
  3 rats (D:2)
206 creatures vanquished.

Vanquished Creatures (collateral kills)
  An orc priest (D:4)
  An iguana (D:4)
  An orc wizard (D:4)
  A ribbon worm (D:4)
  An orc (D:4)
  An endoplasm (D:4)
  A hobgoblin (D:4)
  A quokka (D:4)
  A kobold (D:4)
9 creatures vanquished.

Vanquished Creatures (others)
  A phantom (D:6)
  An orc wizard (D:3)
2 creatures vanquished.

Grand Total: 217 creatures vanquished

Table legend: (Time is in decaauts)
 A = Elapsed time spent in this place.
 B = Non-inter-level travel time spent in this place.
 C = Inter-level travel time spent in this place.
 D = Time resting spent in this place.
 E = Time spent auto-exploring this place.
 F = Levels seen in this place.
 G = Mean time per level.
                   A        B        C        D        E       F      G
               +--------+--------+--------+--------+--------+-----+--------+
         Total |   7816 |   7493 |    323 |    354 |   5560 |  10 |  781.6 |
       Dungeon |   7597 |   7274 |    323 |    341 |   5526 |   9 |  844.1 |
       Ossuary |    218 |    218 |      0 |     13 |     34 |   1 |  218.0 |
               +--------+--------+--------+--------+--------+-----+--------+

Top non-repeatable levels by time:
     D:5: 1155 daAuts
     D:3: 1141 daAuts
     D:6: 1108 daAuts
     D:7: 997 daAuts
     D:8: 823 daAuts
     D:2: 740 daAuts
     D:4: 634 daAuts
     D:1: 546 daAuts
     D:9: 449 daAuts
 Ossuary: 218 daAuts

Table legend:
 A = Non-vault XP
 B = Vault XP
 C = Vault XP percentage of total XP
 D = Non-vault monster count
 E = Vault monster count
 F = Vault count percentage of total count
                 A         B        C        D         E       F
            +---------+---------+-------+---------+---------+-------
      Total |    6249 |    2507 |  28.6 |     186 |      31 |  14.3
            +---------+---------+-------+---------+---------+-------
        D:1 |      48 |       0 |   0.0 |      24 |       0 |   0.0
        D:2 |      88 |       3 |   3.3 |      30 |       2 |   6.2
        D:3 |     129 |     290 |  69.2 |      19 |       1 |   5.0
        D:4 |     332 |       0 |   0.0 |      16 |       0 |   0.0
        D:5 |     754 |     172 |  18.6 |      22 |       1 |   4.3
        D:6 |     590 |       0 |   0.0 |      12 |       0 |   0.0
        D:7 |     594 |       0 |   0.0 |      16 |       0 |   0.0
        D:8 |     829 |     203 |  19.7 |      26 |      10 |  27.8
        D:9 |    2885 |    1461 |  33.6 |      21 |       5 |  19.2
    Ossuary |       0 |     378 | 100.0 |       0 |      12 | 100.0
            +---------+---------+-------+---------+---------+-------
